 Dungeon Crawl Stone Soup version 0.31-a0-845-g9abc20d24f (webtiles) character file.

Game seed: 5908758376176055942

216 CrazyBamboolord the Grave Robber (level 5, 0/25 HPs)
             Began as a Vine Stalker Necromancer on Oct 3, 2023.
             Slain by Dowan
             ... wielding a +0 spear
              (5 damage)
             ... on level 4 of the Dungeon.
             The game lasted 00:07:50 (3565 turns).

CrazyBamboolord the Grave Robber (VSNe)             Turns: 3565, Time: 00:07:51

Health: 0/25       AC:  4    Str: 10    XL:     5   Next: 93%
Magic:  0/11       EV: 13    Int: 17    God:
Gold:   109        SH:  0    Dex: 21    Spells: 3/11 levels left

rFire   . . .        b - +2 rapier (freeze)
rCold   + . .        (no shield)
rNeg    . . .        r - +0 robe
rPois   .            (no helmet)
rElec   .            o - +0 cloak
rCorr   .            k - +0 pair of gloves
SInv    .            (no boots)
Will    .....        (no amulet)
Stlth   +++          s - +6 ring of dexterity
HPRegen 1.04/turn    q - ring of protection from cold
MPRegen 0.12/turn

%: guardian spirit
@: no status effects
A: fangs 2, regeneration 1, magic shield, antimagic bite, no potion heal 2
a: no special abilities


You were on level 4 of the Dungeon.
You visited 1 branch of the dungeon, and saw 4 of its levels.

You collected 184 gold pieces.
You spent 75 gold pieces at shops.

Inventory:

Hand Weapons
 a - a +1 dagger of holy wrath
 b - a +2 rapier of freezing (weapon)
Armour
 k - a +0 pair of gloves (worn)
 o - a +0 cloak (worn)
 r - a +0 robe (worn)
Jewellery
 f - a ring of positive energy
 q - a ring of protection from cold (right hand)
 s - a +6 ring of dexterity (left hand)
Wands
 u - a wand of flame (25)
Scrolls
 c - a scroll of revelation {unknown}
 e - 2 scrolls of noise
 j - a scroll of immolation
 l - a scroll of identify {unknown}
 m - a scroll of amnesia {unknown}
 n - a scroll of teleportation {unknown}
 p - a scroll of blinking
Potions
 d - 3 potions of curing {unknown}
 g - a potion of attraction {unknown}
 h - a potion of enlightenment {unknown}
 i - a potion of degeneration {unknown}
 t - a potion of invisibility {unknown}
 v - a potion of haste {unknown}
 w - a potion of resistance {unknown}
 x - a potion of magic
 z - 2 potions of might {unknown}


   Skills:
 + Level 1.4 Fighting
 + Level 2.2 Dodging
 * Level 4.2 Stealth
 * Level 3.6 Spellcasting
 * Level 4.9 Necromancy


You had 3 spell levels left.
You knew the following spells:

 Your Spells              Type           Power      Damage    Failure   Level
a - Necrotise             Necr           76%        1d7       2%          1
b - Vampiric Draining     Necr           19%        2d7       7%          3
c - Dispel Undead         Necr           19%        3d11      22%         4

Your spell library contained the following spells:

 Spells                   Type           Power      Damage    Failure   Level
 Cigotuvi's Dreadful Rot  Necr/Pois/Air  16%        N/A       13%         2
 Foxfire                  Conj/Fire      12%        2x1d4     17%         1
 Animate Dead             Necr           19%        N/A       22%         4
 Agony                    Necr           19%        N/A       52%         5
 Death Channel            Necr           9%         N/A       98%         6
 Plasma Beam              Fire/Air       1%         2x1d11    100%        6
 Starburst                Conj/Fire      1%         6d3       100%        6


Dungeon Overview and Level Annotations

Branches:
Dungeon (4/15)
 Temple: D:4-7

Altars:
Vehumet

Shops:
D:3 ?

Annotations:
D:4 Dowan


Innate Abilities, Weirdness & Mutations

You have extremely sharp teeth.
Your natural rate of healing is unusually fast.
When hurt, damage is shared between your health and your magic reserves.
Your bite disrupts and absorbs the magic of your enemies.
Potions cannot restore your health.


Message History

Dowan breathes, "And she was my only..."
Dowan gestures at you while chanting. The stone arrow hits you!
* * * LOW HITPOINT WARNING * * *
Your Stealth skill increases to level 4!
Dowan closely misses you. Dowan barely misses you.
You barely miss Dowan. Dowan misses you. Dowan hits you but does no damage.
You closely miss Dowan. You bite Dowan.
Dowan's magic leaks into the air.
You drain his magic.
You feel invigorated.
Dowan is lightly wounded.
Dowan completely misses you.
Casting: Vampiric Draining (quite dangerous; 7% risk of failure)
Confirm with . or Enter, or press ? or * to list all spells.
Aiming: Vampiric Draining (quite dangerous; 7% risk of failure)
Press: ? - help, Shift-Dir - straight line, f - Dowan
Aim: Dowan, wielding a +0 spear and wearing a +0 robe (lightly wounded, fast, magic disrupted)
You draw life force from Dowan!
You feel life coursing into your body. Dowan barely misses you.
Dowan gestures wildly while chanting.
Dowan blinks!
Dowan hits you from afar with a +0 spear.
Dowan hits you with a +0 spear. Dowan barely misses you.
You are too injured to fight recklessly!
Casting: Vampiric Draining (quite dangerous; 7% risk of failure)
Confirm with . or Enter, or press ? or * to list all spells.
You don't have enough magic to cast this spell.
Unknown command.
You barely miss Dowan. Your bite misses Dowan.
Dowan is moderately wounded.
Dowan barely misses you. Dowan hits you with a +0 spear.
You hit Dowan. You freeze Dowan.
Dowan is severely wounded.
Dowan hits you with a +0 spear.
* * * LOW HITPOINT WARNING * * *
Dowan hits you with a +0 spear.
* * * LOW HITPOINT WARNING * * *
You barely miss Dowan.
Dowan is severely wounded.
Dowan hits you with a +0 spear.
You die...

#..........###............##
##.. ##........##
#.............###...
#.#....###
#.............##....
#.#.....#
#...................
##....#..##
#.................##
....###...#
##..............>## ###.#
##..## #....#.........## #.#
#...#####.)###........# #.#
#........@.# ##........ #.#
#...##...e.## #.........
#.##...#######.# #..........
#.#...## #... #....# #.....
....# ##..... .... ....# ..
..###


You could see Dowan (fast, magic disrupted).

Vanquished Creatures
  Duvessa (D:4)
  A howler monkey (D:4)
  2 adders (D:2)
  2 worms
  2 dart slugs
  3 ball pythons
  5 bats
  An endoplasm (D:1)
  3 giant cockroaches
  7 goblins
  7 hobgoblins
  3 quokkas
  5 kobolds
  6 rats
48 creatures vanquished.

Vanquished Creatures (collateral kills)
  2 goblins
2 creatures vanquished.

Grand Total: 50 creatures vanquished

Notes
Turn   | Place    | Note
-------+----------+-------------------------------------------
     0 | D:1      | CrazyBamboolord the Vine Stalker Necromancer began the
                  | quest for the Orb.
     0 | D:1      | Reached XP level 1. HP: 9/9 MP: 4/4
   280 | D:1      | Reached XP level 2. HP: 13/13 MP: 4/6
  1340 | D:2      | Reached XP level 3. HP: 17/17 MP: 5/7
  1344 | D:2      | Learned a level 3 spell: Vampiric Draining
  1632 | D:2      | Found a faded altar of an unknown god.
  1632 | D:2      | Noticed a ynoxinul
  2294 | D:3      | Found Ruba's Magic Scroll Shoppe.
  2346 | D:3      | Bought a scroll of blinking for 75 gold pieces
  2375 | D:3      | Reached XP level 4. HP: 21/21 MP: 6/9
  2501 | D:3      | Learned a level 4 spell: Dispel Undead
  3116 | D:4      | Found a radiant altar of Vehumet.
  3276 | D:4      | Reached skill level 1 in Fighting
  3276 | D:4      | Reached XP level 5. HP: 24/25 MP: 0/10
  3542 | D:4      | Noticed Duvessa
  3544 | D:4      | Noticed Dowan
  3556 | D:4      | Killed Duvessa
  3565 | D:4      | Slain by Dowan

Illustrated notes

Levels and vault maps discovered:
D:1:      lemuel_arrival_funnel, layout_loops_ring
D:2:      layout_loops_corners, dreamdust_ecumenical_altar_sealed_demon,
          corexii_leaking_fountain
D:3:      layout_basic, serial_shops, shop, patterned_corridor
D:4:      layout_layer_cave, vehumet_altar_wand_db, uniq_grinder, uniq_duvessa

Skill      XL: |  1  2  3  4  5 |
---------------+----------------+-----
Stealth        | 3 4 |  4.2
Spellcasting   | 3 |  3.6
Dodging        | 2 |  2.2
Fighting       | 1 |  1.4
Necromancy     | |  4.9

Action                     |  1- 3 |  4- 6 || total
---------------------------+-------+-------++-------
  Melee: Unarmed           |     1 |       ||     1
         Dagger            |     1 |     6 ||     7
         Bite              |       |     6 ||     6
         Rapier            |       |    11 ||    11
   Cast: Necrotise         |    69 |    35 ||   104
         Vampiric Draining |       |     4 ||     4
    Use: Scroll            |     1 |     1 ||     2
   Stab: Sleeping          |       |     1 ||     1
 Armour: Robe              |    12 |    26 ||    38
  Dodge: Dodged            |    14 |    37 ||    51

Table legend: (Time is in decaauts)
 A = Elapsed time spent in this place.
 B = Non-inter-level travel time spent in this place.
 C = Inter-level travel time spent in this place.
 D = Time resting spent in this place.
 E = Time spent auto-exploring this place.
 F = Levels seen in this place.
 G = Mean time per level.
                   A        B        C        D        E       F      G
               +--------+--------+--------+--------+--------+-----+--------+
         Total |   3563 |   3464 |     99 |     47 |   3012 |   4 |  890.8 |
       Dungeon |   3563 |   3464 |     99 |     47 |   3012 |   4 |  890.8 |
               +--------+--------+--------+--------+--------+-----+--------+

Top non-repeatable levels by time:
     D:2: 1239 daAuts
     D:1: 979 daAuts
     D:3: 940 daAuts
     D:4: 404 daAuts
